[Event "Teplice Open 2022"]
[Site "Teplice"]
[Date "2022.06.23"]
[Round "6.1"]
[White "Demchenko, Anton"]
[Black "Pultinevicius, Paulius"]
[Result "1-0"]
[ECO "B12"]
[WhiteElo "2654"]
[BlackElo "2536"]
[Annotator "TA"]
[PlyCount "157"]
[EventDate "2022.06.18"]
[EventType "swiss"]
[EventCountry "CZE"]
[SourceTitle "playchess.com"]
[Source "ChessBase"]
[SourceQuality "1"]
[TimeControl "40/5400+30:1800+30"]

1. e4 c6 2. d4 d5 3. e5 Bf5 4. Nd2 e6 5. Nb3 c5 6. Bb5+ {[%emt 0:00:39] B12: Caro-Kann: Advance Variation.} (6. dxc5 {is interesting.} Bxc5 7. Nxc5 Qa5+ 8. c3) 6... Nc6 7. dxc5 Bxc5 8. Bxc6+ {[%emt 0:00:08] The position is equal.} bxc6 9. Nxc5 Qa5+ 10. c3 Qxc5 11. Ne2 {[%emt 0:00:04] [#]} Qc4 $146 ({Predecessor:} 11... Ne7 12. O-O a5 13. Be3 Qb5 14. a4 Qxb2 15. Bc5 Qc2 16. Qxc2 Bxc2 17. Nd4 Bg6 {1-0 (40) Alekseenko,K (2699)-Sjugirov,S (2663) Sochi 2021}) 12. b3 Qa6 13. Nf4 Ne7 14. g4 Be4 15. f3 Bg6 16. Kf2 (16. Qe2 $5 Qa5 17. Bd2 $11) 16... h5 {[%emt 0:02:28] Threatens to win with ...hxg4.} 17. h3 Qa5 18. Bd2 hxg4 (18... Qc7 $11) 19. hxg4 $14 O-O-O 20. Rxh8 Rxh8 21. Kg2 Rd8 22. Qe1 c5 23. Qf2 Kb7 24. a4 (24. c4 $16 Qb6 25. cxd5 exd5 26. Re1) 24... Bc2 (24... Qc7 $11) 25. c4 Qc7 26. cxd5 Nxd5 27. Rc1 Bh7 28. Qh4 Nxf4+ 29. Bxf4 Bg6 {[%emt 0:00:54] [#]} 30. Qf2 (30. Rxc5 $1 $16 Qxc5 31. Qxd8) 30... Rd5 31. Rc3 (31. Be3 {with more complications.} a6 32. Bxc5 Qxe5 33. Bb6) 31... f5 32. g5 Qa5 33. Qe3 Qb4 34. Rc4 Qa3 35. Kg3 Be8 (35... Qa1 $14) 36. Qc3 $1 $16 {[%emt 0:00:02] Be3 is the strong threat.} Bc6 (36... Bg6 $16 {keeps fighting.} 37. a5 Qa2) 37. Be3 $18 Qa2 {[%emt 0:00:38] Strongly threatening ...Qe2.} 38. Bxc5 {[%emt 0:00:42] White threatens Qb4+ and mate.} (38. Rxc5 f4+ 39. Bxf4 Rxc5 40. Qb4+ (40. Qxc5 Qe2 $16) 40... Kc7 41. Qxc5 Qxb3) 38... Qe2 $2 (38... Qd2) 39. Rb4+ (39. Bd6 $142 {White wants to mate with Rb4+.} a5 40. Rxc6 f4+ 41. Kxf4 Qd2+ 42. Qxd2 Rxd2 43. Rc7+ Kb6 44. Rxg7) 39... Kc8 (39... Ka6 $142 40. Bd6 Bd7 41. Qc4+ (41. Qc7 Qe1+ 42. Kh3 Qh1+ 43. Kg3 Qe1+ 44. Kh3 Qh1+ 45. Kg3 Qe1+ $11) 41... Qxc4 42. Rxc4 Kb6) 40. Bd6 Qa6 41. Rc4 Kd7 42. Kf4 (42. Bc5 $18) 42... Rd1 $16 43. Ba3 (43. Bb4 $16) 43... Qb7 ({Better is} 43... Qb6 $14 44. Bc5 Qb7) 44. Qc2 {[%emt 0:00:22] Really sharp!} Rd5 (44... Rh1 $14) 45. Qc3 ({White should try} 45. Kg3 $18) 45... Rd1 46. Qc2 (46. Qe3 $1 $16 Qb6 47. Bc5) 46... Rd5 $18 {[%emt 0:00:06] [#]} ({Much less strong is} 46... Bxf3 47. Bd6 Kd8 48. Rc7 $16) 47. Bd6 (47. Kg3 $1 $18) 47... Qb6 $1 $14 48. Bc5 $36 {[%emt 0:00:15][%mdl 2048] Inhibits Rd4+. White is more active.} Qb8 {[%emt 0:00:13] White now steadily converts the win.} (48... Qa5 $1 $14) 49. Bd4 $16 {[%emt 0:04:08] White is more active.} Qb7 (49... Bb7 $16) 50. Qc3 $18 Qa6 {[%emt 0:00:52] [#]} (50... a5 $142 51. Ke3 Qc8) 51. Kg3 (51. Bxa7 $142 $1 {[%mdl 512] Hoping for Bf2.} Qxa7 (51... Rd1 52. Qc2) 52. Rxc6 Qd4+ 53. Qxd4 Rxd4+ 54. Ke3) 51... Qa5 52. Qxa5 ({But not} 52. Rxc6 Qxc3 53. Rxc3 Rxd4) 52... Rxa5 {[%emt 0:00:05][%mdl 4096] Endgame KRB-KRB} 53. g6 {[%emt 0:00:24] Black must now prevent Kf4.} Bd5 $2 (53... Rd5 54. Bxa7 Rxe5) 54. Rc3 Ra6 55. Kf4 Rc6 $2 (55... Kd8 $18 56. Bf2 Kd7) 56. Rxc6 Kxc6 {[%emt 0:00:05] KB-KB} 57. b4 Bb3 58. a5 Kd7 59. Bxa7 Bc4 60. Bc5 Ke8 61. Bd6 Bb5 62. Ke3 Kd8 63. Kf4 Ke8 $1 64. Bb8 Kd7 65. Ba7 $2 (65. Kg5 {mates} Bc4 66. Kf4 Ke8 67. Bd6 Bf1 68. Ke3 f4+ 69. Kxf4 Bb5 70. Ke3) 65... Ke8 $2 (65... Bc4 $11 66. Bc5 Ke8) 66. Kg5 (66. Bb6 $142 Be2 67. Bc5) 66... Be2 67. f4 {[%emt 0:00:08] White mates.} Bb5 68. Bf2 Kd7 69. Kh4 Ke7 70. Bc5+ Ke8 71. Bd6 Bc4 72. Kg3 Bb5 73. Kf2 Kd8 74. Ke3 Kc8 75. Kd4 Be8 76. Kc5 Bxg6 77. b5 Bh5 78. a6 Be2 79. Kb4 {[%emt 0:00:05] Weighted Error Value: White=0.38/Black=0.56} 1-0

[Event "Teplice Open 2022"]
[Site "Teplice"]
[Date "2022.06.23"]
[Round "6.2"]
[White "Yilmazyerli, Mert"]
[Black "Ali Marandi, Cemil Can"]
[Result "1/2-1/2"]
[ECO "D85"]
[WhiteElo "2502"]
[BlackElo "2532"]
[Annotator "TA"]
[PlyCount "29"]
[EventDate "2022.06.18"]
[EventType "swiss"]
[EventCountry "CZE"]
[SourceTitle "playchess.com"]
[Source "ChessBase"]
[SourceQuality "1"]
[TimeControl "40/5400+30:1800+30"]

1. d4 Nf6 2. c4 g6 3. Nc3 d5 4. cxd5 Nxd5 5. e4 Nxc3 6. bxc3 Bg7 7. Nf3 c5 8. Be3 Qa5 9. Nd2 {[%emt 0:00:09] D85: Exchange Grünfeld: Unusual White 7th moves and lines with 7 Nf3.} Nd7 10. Nb3 {[%emt 0:00:06] [#]} Qxc3+ $1 $146 {[%emt 0:00:06][%mdl 8] The position is equal. An important novelty.} ({Predecessor:} 10... Qc7 11. Rc1 O-O 12. Be2 Nf6 13. f3 b6 14. dxc5 Nd7 15. cxb6 axb6 16. Qc2 Qa7 {½-½ (44) So,W (2770)-Vachier Lagrave,M (2760) chess24.com INT 2021}) 11. Bd2 Qb2 12. Bc1 Qc3+ 13. Bd2 Qb2 14. Bc1 Qc3+ 15. Bd2 {[%emt 0:00:03] An interesting draw.  Weighted Error Value: White=0.08 (flawless) /Black=0.06 (flawless)} 1/2-1/2

[Event "Teplice Open 2022"]
[Site "Teplice"]
[Date "2022.06.23"]
[Round "6.3"]
[White "Narayanan.S.L"]
[Black "Sankalp Gupta"]
[Result "1-0"]
[ECO "C19"]
[WhiteElo "2662"]
[BlackElo "2505"]
[Annotator "TA"]
[PlyCount "57"]
[EventDate "2022.06.18"]
[EventType "swiss"]
[EventCountry "CZE"]
[SourceTitle "playchess.com"]
[Source "ChessBase"]
[SourceQuality "1"]
[TimeControl "40/5400+30:1800+30"]

1. e4 e6 2. d4 d5 3. Nc3 Bb4 4. e5 c5 5. a3 Bxc3+ 6. bxc3 Ne7 7. h4 Qc7 8. Nf3 b6 9. h5 h6 $1 10. Bb5+ {[%emt 0:00:46] C19: French: 3 Nc3 Bb4: Main line: 7 Nf3 and 7 a4.} Bd7 11. a4 Bxb5 12. axb5 {[%emt 0:00:07] The position is equal.} a5 13. Qd3 $5 {[%emt 0:07:26][%mdl 4] Leaves trodden paths.} Nd7 14. Ba3 {[%emt 0:04:24] [#]} f6 $146 (14... Rc8 $11) ({Predecessor:} 14... Rc8 15. O-O-O cxd4 16. cxd4 Qc4 17. Kb2 Nf8 18. Qxc4 Rxc4 19. Rd3 Nh7 20. Nd2 Rc7 {1-0 (39) Safarli,E (2604)-Aitbayev,A (2475) Paracin 2021}) 15. exf6 $14 gxf6 16. c4 (16. O-O $16) 16... e5 (16... cxd4 $1 $11 {remains equal.} 17. Nxd4 dxc4) 17. cxd5 $16 {[%emt 0:04:08] White is more active.} exd4 18. O-O {[%emt 0:02:28] [#] Strongly threatening c4.} Ne5 19. Nxe5 fxe5 20. c4 {[%emt 0:02:29][%cal Of2f4] Black must now prevent f4!} O-O-O $2 {[%emt 0:01:23] A mistake that costs the game.} (20... O-O $16) 21. Rae1 {[%emt 0:01:08][%cal Of2f4] f4! is the strong threat.} Rhf8 {[%emt 0:06:11] [#]} 22. f4 $1 exf4 (22... e4 $142 23. Rxe4 (23. Qxe4 Nf5 $14) 23... Nf5) 23. Bc1 $18 Nf5 $2 (23... Rf6 24. Qh3+ Kb7) 24. Bxf4 Qg7 25. Re6 Ne3 26. Rg6 ({Not} 26. Bxe3 Rxf1+ 27. Qxf1 dxe3 $16) 26... Qe7 27. Rxb6 (27. Rc6+ $142 Kb7 28. d6 Rxd6 29. Bxd6 Rxf1+ 30. Qxf1 Nxf1 31. Bxe7 Ne3 32. Rxh6) 27... Rxf4 28. Rxf4 {[%emt 0:00:10] Threatening mate with Rff6.} Qg5 29. Qe4 {[%emt 0:00:17] Weighted Error Value: White=0.13 (very precise) /Black=0.79} 1-0

[Event "Teplice Open 2022"]
[Site "Teplice"]
[Date "2022.06.23"]
[Round "6.4"]
[White "Blomqvist, Erik"]
[Black "Santos Latasa, Jaime"]
[Result "0-1"]
[ECO "B11"]
[WhiteElo "2523"]
[BlackElo "2672"]
[Annotator "TA"]
[PlyCount "92"]
[EventDate "2022.06.18"]
[EventType "swiss"]
[EventCountry "CZE"]
[SourceTitle "playchess.com"]
[Source "ChessBase"]
[SourceQuality "1"]
[TimeControl "40/5400+30:1800+30"]

1. e4 c6 2. Nf3 d5 3. Nc3 Bg4 4. h3 Bxf3 5. Qxf3 e6 6. Be2 Bc5 {[%emt 0:00:38] B11: Caro-Kann: Two Knights Variation.} 7. O-O Ne7 8. Rd1 Bd4 {[%emt 0:00:50] The position is equal.} (8... d4 $5 ) 9. exd5 cxd5 10. Nb5 {[%emt 0:02:24] [#]} Bb6 $146 ({Predecessor:} 10... Nbc6 11. c3 Bf6 12. d4 a6 13. Na3 h5 14. Bd3 Nc8 15. Re1 Kf8 16. Nc2 Nd6 {0-1 (44) Praggnanandhaa,R (2608)-Fedoseev,V (2678) Chess.com INT 2020}) 11. d4 O-O 12. c3 Nbc6 13. Bd3 Ng6 14. Be3 a6 15. Na3 Qd6 16. Nc2 (16. g3 $11 {is superior.}) 16... f5 $1 $15 (16... Bc7 17. g3 $14) 17. Qh5 f4 $1 {[%emt 0:12:32] Against g3. Black is more active.} 18. Bd2 (18. Bc1 $1 $11 {remains equal.}) 18... e5 $17 19. c4 {[%emt 0:01:10] Threatens to win with c5.} e4 $1 (19... Nxd4 20. Bb4 Qc7 21. Nxd4 (21. Bxf8 dxc4 22. Nxd4 Bxd4 $16) 21... Bxd4 22. Bxf8 (22. cxd5 Bxf2+ 23. Kh1 f3 $11) 22... dxc4 23. Rac1 $1 (23. Bxg6 hxg6 24. Qxg6 Rxf8 $14) 23... Nxf8 24. Bxc4+ (24. Rxc4 Qb6 $16) 24... Kh8 25. Bb3 $18) 20. c5 Qd7 21. Bxe4 (21. Be2 $15 Bc7 22. Bg4) 21... dxe4 $19 22. cxb6 Rf5 23. Qe2 Re8 24. d5 $2 {[%emt 0:01:44][%mdl 8192] [#]} (24. f3 $17) 24... Rg5 $1 25. dxc6 Qxh3 $1 26. Ne1 Nh4 $2 ({Black should try} 26... Ne5 $19 {( -> ...Nf3+)} 27. Qc4+ Nxc4 28. Bxf4 Qh4 29. Bxg5 Qxg5) 27. f3 $11 (27. g3 fxg3 $1 28. Qc4+ Kh8 29. Qf7 gxf2+ 30. Kxf2 Qh2+ 31. Ke3 Ng2+ 32. Kd4 Qe5+ 33. Kc4 Qb5+ 34. Kc3 Rc5+ 35. Kd4 Rc4+ $3 36. Qxc4 Qe5#) 27... Rxg2+ $1 {[%emt 0:02:36][%mdl 64] Remove Defender} 28. Nxg2 Nxf3+ $40 {[%emt 0:00:29][%mdl 128] White needs to defend precisely.} 29. Kf1 $2 {[%emt 0:25:51][%mdl 8192] [#]} (29. Kf2 $1 $11 e3+ 30. Bxe3 fxe3+ 31. Qxe3 (31. Nxe3 $2 Qh2+ 32. Ng2 Rxe2+ 33. Kxe2 Qxg2+ $19) 31... Rxe3 32. Nf4 (32. Nxe3 Ne5 $11)) 29... e3 $1 $19 30. Qc4+ (30. Bxe3 $2 fxe3 31. Qc4+ Kh8 $19) 30... Kh8 {[%emt 0:00:34] The board is on fire.} 31. Qxf4 ({Avoid the trap} 31. Bxe3 $2 fxe3 32. Qe4 Qh1+ 33. Ke2 Qxg2+ 34. Kxe3 Rxe4+ $19) 31... Nxd2+ 32. Kg1 Nf3+ 33. Qxf3 Qxf3 34. c7 {[%emt 0:00:06] Black must now prevent Rd8.} Qf6 {[%emt 0:01:27] Against Rd8} (34... Qf2+ $19 {is more deadly.} 35. Kh2 Qf8) 35. Rac1 $17 e2 ({Much worse is} 35... Qf2+ $6 36. Kh1 Qf8 37. Rf1 $11) 36. Rd8 Qxb6+ 37. Kh2 Qh6+ (37... Rxd8 38. c8=Q $19) 38. Kg3 Qg5+ 39. Kh2 $2 (39. Kf2 $17 Rxd8 40. c8=Q) 39... Rxd8 $19 40. c8=Q e1=Q 41. Nxe1 h6 $2 (41... h5 42. Ng2 Rxc8 43. Rxc8+ Kh7) 42. Qc3 $2 (42. Qc5 Rd2+ 43. Kh3) 42... Rd2+ 43. Kh3 Rf2 (43... Qf5+ $142 44. Kg3 Qf2+ 45. Kh3 Re2) 44. Qd4 (44. Nf3 $19 Qf4 45. Qc8+ Kh7 46. Rc3 Rxf3+ 47. Rxf3 Qxf3+ 48. Kh2) 44... Qh5+ {[%emt 0:00:31] Black mates.} 45. Kg3 Qh2+ 46. Kg4 Qg1+ {[%emt 0:00:07] Weighted Error Value: White=0.76/Black=0.45} 0-1

[Event "Teplice Open 2022"]
[Site "Teplice"]
[Date "2022.06.23"]
[Round "6.5"]
[White "Iniyan, P."]
[Black "Berkes, Ferenc"]
[Result "1/2-1/2"]
[ECO "D15"]
[WhiteElo "2518"]
[BlackElo "2654"]
[Annotator "TA"]
[PlyCount "61"]
[EventDate "2022.06.18"]
[EventType "swiss"]
[EventCountry "CZE"]
[SourceTitle "playchess.com"]
[Source "ChessBase"]
[SourceQuality "1"]
[TimeControl "40/5400+30:1800+30"]

1. d4 d5 2. c4 c6 3. Nf3 Nf6 4. Nc3 a6 5. e3 Bf5 6. Ne5 {[%emt 0:00:06] D15: Slav Defence: 4 Nc3 a6 and gambit lines after 4 Nc3 dxc4.} Nbd7 7. Qb3 Qc7 8. cxd5 (8. Nxd7 {seems wilder.} Qxd7 9. Na4 Qc7 10. Nb6) 8... Nxe5 9. dxe5 Nxd5 10. Nxd5 cxd5 11. Bd2 Qxe5 12. Rc1 Bd7 {[%emt 0:18:38] [#]} 13. Qxb7 $146 (13. Bc3 $5 Qc7 14. Qxd5 $14) ({Predecessor:} 13. Bc3 Qc7 14. Qxd5 Bc6 15. Qg5 Qd6 16. Bc4 Qg6 17. Qxg6 hxg6 18. f3 e6 19. Kf2 {½-½ (45) Giri,A (2777)-Andreikin,D (2728) Yasnaya Polyana 2021}) 13... Rb8 {[%emt 0:00:44] The position is equal.} 14. Qa7 {[%emt 0:00:06] [#] Threatens to win with Rc7.} Qxb2 15. Bd3 {[%emt 0:00:05] Strongly threatening Rc7.} Qb6 16. Qxb6 Rxb6 17. Ke2 e6 18. Rb1 Rxb1 19. Rxb1 {[%emt 0:00:07] [#] Rb8+ is the strong threat.} Bd6 {[%emt 0:00:16] Inhibits Rb8+.} 20. Bxa6 Ke7 21. Rb7 {[%emt 0:15:16] And now Bb5 would win.} Rb8 22. Rxb8 Bxb8 $11 {[%emt 0:00:13][%mdl 4096] Endgame KBB-KBB} 23. Bb4+ Bd6 24. a3 Bc6 25. f4 Kd7 26. g3 h6 27. Kd2 g6 28. Kc3 {[%emt 0:00:09] next Bxd6 is good for White.} Bc7 29. Bf8 Ba5+ 30. Bb4 Bb6 31. Kd3 {[%emt 0:00:23] Weighted Error Value: White=0.03 (flawless) /Black=0.02 (flawless)} 1/2-1/2

[Event "Teplice Open 2022"]
[Site "Teplice"]
[Date "2022.06.23"]
[Round "6.6"]
[White "Santiago, Yago De Moura"]
[Black "Kollars, Dmitrij"]
[Result "0-1"]
[ECO "E01"]
[WhiteElo "2498"]
[BlackElo "2635"]
[Annotator "TA"]
[PlyCount "160"]
[EventDate "2022.06.18"]
[EventType "swiss"]
[EventCountry "CZE"]
[SourceTitle "playchess.com"]
[Source "ChessBase"]
[SourceQuality "1"]
[TimeControl "40/5400+30:1800+30"]

1. d4 Nf6 2. c4 e6 3. Nf3 d5 4. Nc3 c6 5. g3 dxc4 6. Bg2 Nbd7 7. a4 a5 8. O-O Bb4 9. Qc2 O-O 10. Na2 {[%emt 0:00:13] E01: Catalan: Early deviations.} Bd6 11. Qxc4 e5 12. Qc2 {[%emt 0:00:20] The position is equal.} Re8 13. Rd1 Qe7 14. Nc3 Bb4 {[%emt 0:08:59] [#]} 15. dxe5 $146 ({Predecessor:} 15. e4 h6 16. h3 exd4 17. Nxd4 Nc5 18. f3 Qc7 19. Bf4 Qb6 20. Be3 Qc7 21. Bf2 {1-0 (48) Gleizerov,E (2545)-Chepukaitis,G (2300) St Petersburg 1995}) 15... Nxe5 16. Nd4 Bd7 17. h3 Rad8 18. b3 Qc5 19. Bb2 Bxh3 20. Bxh3 Rxd4 21. Rxd4 Qxd4 22. Na2 Qb6 {[%emt 0:09:45] White must now prevent ...Neg4.} 23. Nxb4 Qxb4 24. Rd1 h5 25. Bg2 h4 26. Bc3 {[%emt 0:06:59] A strong pair of Bishops.} Qe7 27. gxh4 Nfg4 28. Qf5 Qxh4 29. Bxa5 (29. Rd4 $11 {remains equal.}) 29... Ng6 (29... Qh2+ $1 $17 30. Kf1 g6) 30. Bc7 $11 Nf6 (30... Rxe2 $2 31. Bg3 Qf6 32. Qc8+ Nf8 33. Qxg4 $18) 31. Rd8 Rxd8 32. Bxd8 Qb4 33. Bxf6 gxf6 34. Qxf6 Qxb3 {[%emt 0:00:03][%mdl 4096] Endgame KQB-KQN} 35. Qd8+ Kh7 36. Qf6 Qd1+ 37. Bf1 Kg8 38. a5 Qd5 39. Qc3 Qg5+ 40. Kh1 Nf4 41. Qe3 Kf8 42. Qb6 Qe7 43. a6 Qh4+ 44. Kg1 Qg5+ 45. Kh2 bxa6 46. Qxc6 Qh5+ 47. Kg3 {[%emt 0:03:01] Strongly threatening Qd6+.} Nxe2+ 48. Bxe2 Qxe2 {[%emt 0:00:05] KQ-KQ} 49. f4 Qe3+ 50. Kg2 $1 Qe2+ 51. Kg3 Qd3+ 52. Kf2 Kg7 53. Qc5 Qb5 54. Qc3+ Kg6 55. Kg3 a5 56. Kg4 (56. Qc2+ $11 Qf5 57. Qc4) 56... Qf5+ ({Black should try} 56... a4 $17 {Hoping for ...Qd5.} 57. Qd4 Qf5+ 58. Kg3 Qa5 59. Qd3+ Kg7) 57. Kg3 $15 Qd5 58. Qc2+ Kh6 59. Qh2+ Kg7 {[%emt 0:01:42] And now ...a4 would win.} 60. Qb2+ Kg8 {[%emt 0:00:36] Black wants to play ...Qd3+.} 61. Qc2 {[%emt 0:01:03] Inhibits Qd3+.} Qd7 {[%emt 0:02:02] Against Qc8+} 62. f5 Qd4 {[%emt 0:01:42] Prevents Qc5.} 63. Qc6 $2 (63. Qa2 $1 $15) 63... Kg7 64. Qe8 Qf6 $2 (64... Kh6 $1 $19 {aiming for ...a4.} 65. Kf3 (65. Qxf7 {is a self mate.} Qg7+ 66. Qxg7+ Kxg7 67. Kf4 a4 68. Ke5 a3 69. Ke6 a2 70. f6+ Kf8 71. Kd5 a1=Q 72. Kc4 Kf7 73. Kd3 Kxf6 74. Kd2 Ke5 75. Kd3 Qd4+ 76. Kc2 Kd5 77. Kc1 Qf2 78. Kd1 Kd4 79. Kc1 Kc3 80. Kd1 Qf1#) 65... Qd1+ 66. Kf4 Qc1+ 67. Kf3 Qf1+ 68. Kg4 Qg2+ 69. Kf4 Qg5+ 70. Ke4 Qg4+ 71. Ke5 Qg3+ 72. Kd5 Qd3+ 73. Ke5 Qg3+ 74. Kd5 Qd3+ 75. Ke5 Qe3+ 76. Kf6 Qg5+ 77. Ke5 Kg7) 65. Kg4 $1 Qd6 66. Kf3 Qd1+ 67. Kf4 Qa1 ({Black should play} 67... Qd2+ $15 68. Kg4 Qd4+ 69. Kh5 Qd5) 68. Kg3 $2 {[%emt 0:00:14] [#]} (68. Qd8 $1 $11) 68... Qd4 $1 $19 69. Kh3 $2 {[%emt 0:00:26] [#]} (69. Kf3) 69... Qf4 $1 70. Qb5 a4 71. Qa5 (71. Qd3 $142 Kh6 72. Qc3 Qxf5+ 73. Kg3) 71... Kf6 (71... Qf3+ $142 72. Kh2 a3) 72. Kg2 (72. Qd8+ $142 Kxf5 73. Qd7+ Kg6 74. Qc6+ Kh7 75. Qc2+ f5 76. Qd3 Qg4+ 77. Kh2 Qh4+ 78. Kg1 Qe1+ 79. Kh2) 72... Qe4+ 73. Kg1 Kg5 {[%emt 0:00:55] ...Qe3+ is the strong threat.} 74. Qa7 {[%emt 0:00:13] Prevents Qe3+.} Qxf5 (74... Qe1+ $142 75. Kg2 Qe4+ 76. Kg1 Qe1+ 77. Kg2 Qe4+ 78. Kg1) 75. Kh2 (75. Qe3+ $142 Kg6 76. Qd4 Qg5+ 77. Kh2) 75... Qf4+ 76. Kh3 Qf3+ 77. Kh2 a3 78. Qc5+ Kg6 {[%emt 0:00:38] ( -> ...Qh5+)} 79. Qd6+ Kh7 80. Qc5 Qe2+ {[%emt 0:00:35] Weighted Error Value: White=0.08 (flawless) /Black=0.07 (flawless)} 0-1

[Event "Teplice Open 2022"]
[Site "Teplice"]
[Date "2022.06.23"]
[Round "6.7"]
[White "Fridman, Daniel"]
[Black "Karthik Venkataraman"]
[Result "1/2-1/2"]
[ECO "E04"]
[WhiteElo "2605"]
[BlackElo "2480"]
[Annotator "TA"]
[PlyCount "68"]
[EventDate "2022.06.18"]
[EventType "swiss"]
[EventCountry "CZE"]
[SourceTitle "playchess.com"]
[Source "ChessBase"]
[SourceQuality "1"]
[TimeControl "40/5400+30:1800+30"]

1. d4 Nf6 2. Nf3 d5 3. c4 e6 4. Nc3 c6 5. g3 dxc4 6. Bg2 b5 7. Ne5 a6 {[%emt 0:00:06] is now debated instead of 7...Nd5. E04: Open Catalan: 5 Nf3.} 8. a4 {[%emt 0:00:41] [#] Hoping for axb5.} Bb7 $1 9. O-O Be7 {[%emt 0:00:04] Black is slightly better.} 10. axb5 axb5 11. Rxa8 Bxa8 12. Nxb5 cxb5 13. Bxa8 O-O 14. Bg2 Nd5 15. Bd2 Bd6 {[%emt 0:14:32] [#]} ({Black should play} 15... Qc7 $11) 16. Nf3 $146 (16. e4 {looks sharper.} Ne7 17. Qh5 Nd7 18. Ng4) ({Predecessor:} 16. Ng4 Nc6 17. Ne3 Nde7 18. d5 exd5 19. Nxd5 Nxd5 20. Bxd5 {½-½ (20) Korley,K (2402)-Wang,K (2378) New York 2021}) 16... Nc6 17. b3 cxb3 18. Qxb3 Qb6 $1 19. e4 (19. Qd3 $5 ) 19... Nxd4 20. Nxd4 Qxd4 21. Rd1 Ne7 (21... Nf6 {feels hotter.} 22. Bc3 Qc5 23. e5 Bxe5 24. Bb4 Qc4) 22. Bf4 Qb4 {[%emt 0:00:07] The position is equal.} 23. Qxb4 Bxb4 24. Rb1 Bc5 (24... Nc6 $2 25. e5 $18) 25. Rxb5 Rc8 26. Bf1 Ng6 27. Rb8 Rxb8 28. Bxb8 $11 {[%emt 0:00:06][%mdl 4096] Endgame KBB-KBN} Kf8 29. h4 Ke7 30. h5 Nf8 31. Be5 g6 32. Be2 Nd7 33. Bc3 e5 34. hxg6 hxg6 {[%emt 0:00:05] Weighted Error Value: White=0.05 (flawless) /Black=0.08 (flawless)} 1/2-1/2

[Event "Teplice Open 2022"]
[Site "Teplice"]
[Date "2022.06.23"]
[Round "6.8"]
[White "Das, Arghyadip"]
[Black "Azarov, Sergei"]
[Result "1/2-1/2"]
[ECO "C92"]
[WhiteElo "2472"]
[BlackElo "2588"]
[Annotator "TA"]
[PlyCount "28"]
[EventDate "2022.06.18"]
[EventType "swiss"]
[EventCountry "CZE"]
[SourceTitle "playchess.com"]
[Source "ChessBase"]
[SourceQuality "1"]
[TimeControl "40/5400+30:1800+30"]

1. e4 e5 2. Nf3 Nc6 3. Bb5 a6 4. Ba4 Nf6 5. O-O Be7 6. Re1 b5 7. Bb3 d6 8. c3 O-O 9. h3 Bb7 10. d4 Re8 {[%emt 0:00:27] [#]} 11. Ng5 $146 ({Predecessor:} 11. Nbd2 Bf8 12. a4 h6 13. Bc2 Nb8 14. Bd3 Nbd7 15. axb5 exd4 16. cxd4 axb5 17. Rxa8 Qxa8 18. Bxb5 Bxe4 19. Nxe4 Rxe4 20. Be3 Nb6 21. Qc2 Re7 22. Bc6 {½-½ (50) So,W (2778)-Predke,A (2682) Berlin 2022}) 11... Rf8 12. Nf3 Re8 13. Ng5 {[%emt 0:01:33] 13.Bc2 is setting a new trend.} Rf8 14. Nf3 Re8 1/2-1/2

[Event "Teplice Open 2022"]
[Site "Teplice"]
[Date "2022.06.23"]
[Round "6.9"]
[White "Romanov, Evgeny"]
[Black "Holm, Kristian Stuvik"]
[Result "1/2-1/2"]
[ECO "A06"]
[WhiteElo "2573"]
[BlackElo "2458"]
[Annotator "TA"]
[PlyCount "42"]
[EventDate "2022.06.18"]
[EventType "swiss"]
[EventCountry "CZE"]
[SourceTitle "playchess.com"]
[Source "ChessBase"]
[SourceQuality "1"]
[TimeControl "40/5400+30:1800+30"]

1. Nf3 d5 2. d3 Nc6 3. a3 g6 4. g3 Bg7 5. Bg2 e5 {[%emt 0:00:56] [#]} 6. Nbd2 $146 {[%emt 0:02:32] A06: Réti Opening: 1 Nf3 d5.} ({Predecessor:} 6. O-O Nf6 7. Nc3 O-O 8. Bg5 Be6 9. e4 d4 10. Ne2 Qd6 11. Ne1 a5 12. h3 {1-0 (48) Raijmaekers,C (2047)-Balutescu,M ICCF email 2008}) 6... Nf6 7. O-O O-O 8. c4 e4 9. Ne1 dxc4 10. dxe4 Rb8 ({Black should play} 10... Be6 $15) 11. Nc2 $11 b5 12. f4 Nd4 13. e5 Nxc2 (13... Bf5 $1 $15 14. e4 (14. exf6 $2 Bxc2 15. Qe1 Bxf6 $19) 14... Bg4) 14. Qxc2 {[%emt 0:05:23] The position is equal.} Qd4+ 15. Kh1 Ng4 {[%emt 0:01:19] [#] And now ...Nf2+ would win.} 16. Nf3 $36 {[%emt 0:01:50][%mdl 2048] Black is under pressure.} Nf2+ 17. Kg1 Nh3+ $1 18. Kh1 Nf2+ 19. Kg1 Nh3+ $1 20. Kh1 Nf2+ 21. Kg1 Nh3+ $1 {[%emt 0:00:06] Weighted Error Value: White=0.11 (very precise) /Black=0.13 (very precise)} 1/2-1/2